 Dungeon Crawl Stone Soup version 0.30-a0-860-g512cf1e979 (webtiles) character file.

Game seed: 2255714290520538488

3567 Hubris850 the Thrower (level 9, -7/63 HPs)
             Began as a Demonspawn Gladiator on Mar 7, 2023.
             Was a Believer of Makhleb.
             Mangled by an orc warrior
             ... wielding a +0 war axe
              (9 damage)
             ... in a bailey.
             The game lasted 00:21:17 (5772 turns).

Hubris850 the Thrower (Demonspawn Gladiator)        Turns: 5772, Time: 00:21:18

Health: -7/63      AC: 15    Str: 17    XL:     9   Next: 84%
Magic:  15/15      EV: 13    Int:  9    God:    Makhleb [**....]
Gold:   364        SH:  0    Dex: 15    Spells: 8/8 levels left

rFire   + + +      SeeInvis .    a - +0 war axe
rCold   . . .      Faith    .    (no shield)
rNeg    . . .      Spirit   .    n - +0 ring mail
rPois   .          Reflect  .    L - +2 hat
rElec   .          Rampage  .    s - scarf {harm}
rCorr   .          Harm     + .  N - +5 pair of gloves of Winter {rF+++ Str+2 Int-5 Dex-5}
Will    .....                    l - +0 pair of boots
Stlth   +                        (no amulet)
HPRegen 0.30/turn                k - +6 ring of dexterity
MPRegen 0.14/turn                (no ring)

@: mighty
A: claws 1, powered by death 1, sturdy frame 2
a: Renounce Religion, Minor Destruction


You were in a bailey.
You worshipped Makhleb.
Makhleb was pleased with you.
You visited 2 branches of the dungeon, and saw 8 of its levels.
You also visited: Bailey.

You collected 364 gold pieces.

Inventory:

Hand Weapons
 a - a +0 war axe (weapon)
 y - a +2 flail of draining
 F - the +3 rapier of Popular Demand {venom, *Corrode rElec rN++ Int+3 Dex+3}
   (You found it on level 5 of the Dungeon)

   Int:       It affects your intelligence (+3).
   Dex:       It affects your dexterity (+3).
   rElec:     It insulates you from electricity.
   rN:        It greatly protects you from negative energy.
   *Corrode:  It may corrode you when you take damage.
Missiles
 d - 2 throwing nets
 e - a javelin
 h - 5 atropa-tipped darts
 C - 9 poisoned darts
 K - 11 boomerangs (quivered)
Armour
 b - a +0 leather armour
 c - a +0 helmet
 i - a +2 pair of gloves
 l - a +0 pair of boots (worn)
 n - a +0 ring mail (worn)
 s - a scarf of harm (worn)
 t - the +2 robe of Bineby {*Slow rCorr Str+3 Int+4}
   (You found it on level 5 of the Dungeon)

   Str:       It affects your strength (+3).
   Int:       It affects your intelligence (+4).
   rCorr:     It protects you from acid and corrosion.
   *Slow:     It may slow you when you take damage.
 D - a +0 hat
 E - the +0 robe of Jiczem {Slay+2 Stlth+}
   (You found it on level 5 of the Dungeon)

   Slay:      It affects your accuracy & damage with ranged weapons and melee
   (+2).
   Stlth:     It makes you more stealthy.
 L - a +2 hat (worn)
 N - the +5 pair of gloves of Winter (worn) {rF+++ Str+2 Int-5 Dex-5}
   (You found it on level 7 of the Dungeon)

   Str:       It affects your strength (+2).
   Int:       It affects your intelligence (-5).
   Dex:       It affects your dexterity (-5).
   rF:        It renders you almost immune to fire.
Jewellery
 k - a +6 ring of dexterity (left hand)
Scrolls
 g - a scroll of amnesia
 j - 2 scrolls of poison
 m - 2 scrolls of summoning
 o - a scroll of blinking {unknown}
 p - a scroll of immolation {unknown}
 q - a scroll of magic mapping {unknown}
 r - a scroll of fear {unknown}
 u - 2 scrolls of vulnerability
 x - a scroll of teleportation {unknown}
 A - a scroll of silence {unknown}
 B - 2 scrolls of identify
 G - 2 scrolls of enchant weapon {unknown}
 H - a scroll of acquirement {unknown}
 O - 2 scrolls of brand weapon {unknown}
 P - a scroll of fog {unknown}
Potions
 f - a potion of brilliance {unknown}
 v - a potion of haste
 w - a potion of might
 z - 2 potions of magic {unknown}
 I - 3 potions of curing {unknown}
 J - 2 potions of invisibility {unknown}
 M - 3 potions of resistance {unknown}
 Q - a potion of heal wounds {unknown}


   Skills:
 - Level 3.0 Fighting
 + Level 7.2 Axes
 - Level 8.0 Throwing
 - Level 4.0 Armour
 - Level 4.0 Dodging
 - Level 8.0 Invocations


You had 8 spell levels left.
You didn't know any spells.
Your spell library contained the following spells:

 Spells                   Type           Power      Damage    Failure   Level
 Beastly Appendage        Tmut           0%         N/A       41%         1
 Kiss of Death            Conj/Necr      0%         2d5       41%         1
 Magic Dart               Conj           0%         1d3       41%         1
 Searing Ray              Conj           0%         2d4       56%         2
 Wereblood                Tmut           0%         N/A       56%         2
 Confusing Touch          Hex            0%         N/A       80%         3
 Inner Flame              Hex/Fire       0%         N/A       80%         3
 Spider Form              Tmut/Pois      0%         N/A       80%         3
 Tukima's Dance           Hex            0%         N/A       80%         3
 Cause Fear               Hex            0%         N/A       99%         4
 Dispel Undead            Necr           0%         3d6       99%         4
 Fulminant Prism          Conj/Hex       0%         3d5       99%         4
 Passage of Golubria      Tloc           0%         N/A       99%         4
 Yara's Violent Unravell  Hex/Tmut       0%         3d3       100%        5
 Dragon Form              Tmut           0%         N/A       100%        7
 Discord                  Hex            0%         N/A       100%        8
 Dragon's Call            Summ           0%         N/A       100%        9


Dungeon Overview and Level Annotations

Branches:
Dungeon (7/15)             Temple (1/1) D:5          Bailey (1/1)

Altars:
Ashenzari
Cheibriados
Dithmenos
Fedhas
Gozag
Hepliaklqana
Kikubaaqudgha
Makhleb
Okawaru
Qazlal
Ru
Trog
Uskayaw
Vehumet

Shops:
D:4 :


Innate Abilities, Weirdness & Mutations

You have sharp fingernails.
You regenerate a little health from kills.
Your movements are less encumbered by armour. (ER -4)


Message History

You hear a shout!
The orc knight hits you with a +0 broad axe.
You hit the orc knight.
The orc knight is lightly wounded.
The orc knight closely misses you.
You hit the orc knight but do no damage.
The orc knight is lightly wounded.
The orc knight misses you.
You barely miss the orc knight.
The orc knight is lightly wounded.
The orc knight hits you with a +0 broad axe!
You barely miss the orc knight.
The orc knight is lightly wounded.
The orc knight hits you with a +0 broad axe.
You slash the orc knight!
The orc knight is moderately wounded.
The orc knight hits you with a +0 broad axe!
The orc knight roars a battlecry!
The orc warrior goes into a battle-frenzy!
You slash the orc knight!
The orc knight is heavily wounded.
The orc knight misses you.
You slash the orc knight!
The orc knight is severely wounded.
The orc knight hits you with a +0 broad axe!
You barely miss the orc knight.
The orc knight is severely wounded.
You hit the orc knight.
The orc knight is severely wounded.
You hit the orc warrior.
The orc knight roars a battlecry!
The orc warrior hits you with a +0 war axe!
* * * LOW HITPOINT WARNING * * *
You hit the orc knight.
The orc knight is severely wounded.
You slash the orc warrior!
The orc knight hits you with a +0 broad axe!
* * * LOW HITPOINT WARNING * * *
The orc warrior hits you with a +0 war axe!
You die...

#..........8##o.. #
#..........8#.. #
#∩....⌠.....g. #
#..........8#.. #
#..........8##. #
##.........### ##
###....g###.### ###.
###.#o#.....###
###...
###@o.).....###.....
#...........#......
#...........#......
#.....⌠.....#))...⌠
#...........'.)....
#...........#.)....
##........)###.....
###.....### ###...
###.### ###.


You could see an orc knight, an orc warrior (strong) and a gnoll.

Vanquished Creatures
  An orc knight (Bailey)
  A troll (D:6)
  8 orc warriors (Bailey)
  A black bear (D:3)
  3 ice beasts (D:6)
  A sky beast (D:5)
  An ogre (D:6)
  2 phantoms
  A kobold brigand (D:5)
  4 bullfrogs
  3 scorpions
  A killer bee (D:5)
  2 jellies
  2 hounds
  2 orc priests
  6 iguanas
  2 sleepcaps
  6 orc wizards
  11 gnolls
  8 adders
  A shadow imp (D:6)
  2 white imps
  2 ufetubi (D:5)
  A worm (D:3)
  5 dart slugs
  16 orcs
  4 endoplasms
  4 giant cockroaches
  18 goblins
  10 hobgoblins
  3 jackals (D:2)
  2 quokkas
  5 ball pythons
  5 bats
  3 frilled lizards
  13 kobolds
  6 rats
166 creatures vanquished.

Vanquished Creatures (others)
  2 fungi (D:3)
  2 plants (D:5)
4 creatures vanquished.

Grand Total: 170 creatures vanquished

Notes
Turn   | Place    | Note
-------+----------+-------------------------------------------
     0 | D:1      | Hubris850 the Demonspawn Gladiator began the quest for the
                  | Orb.
     0 | D:1      | Reached XP level 1. HP: 16/16 MP: 1/1
   319 | D:1      | Gained mutation: You regenerate a little health from kills.
                  | [demonic ancestry]
   319 | D:1      | Reached XP level 2. HP: 22/22 MP: 2/2
  1039 | D:2      | Reached XP level 3. HP: 28/28 MP: 3/3
  1470 | D:3      | Reached XP level 4. HP: 34/34 MP: 4/4
  1520 | D:3      | Found a hide-covered altar of Uskayaw.
  1537 | D:3      | Noticed a black bear
  1549 | D:3      | Killed a black bear
  1550 | D:3      | Reached skill level 1 in Armour
  1550 | D:3      | Gained mutation: You have sharp fingernails. [demonic
                  | ancestry]
  1550 | D:3      | Reached XP level 5. HP: 33/41 MP: 5/5
  2019 | D:4      | Reached XP level 6. HP: 45/47 MP: 6/6
  2059 | D:4      | Found Qodwon's Book Emporium.
  2402 | D:5      | Entered Level 5 of the Dungeon
  2443 | D:5      | Noticed a sky beast
  2452 | D:5      | Killed a sky beast
  2453 | D:5      | Reached XP level 7. HP: 40/52 MP: 7/7
  2650 | D:5      | Found a staircase to the Ecumenical Temple.
  2669 | Temple   | Entered the Ecumenical Temple
  2729 | Temple   | Became a worshipper of Makhleb the Destroyer
  3021 | D:5      | Found a hazy altar of Hepliaklqana.
  3317 | D:5      | Found a broken altar of Ashenzari.
  3321 | D:5      | Identified the +2 robe of Bineby {*Slow rCorr Str+3 Int+4}
  3328 | D:5      | Identified the +0 robe of Jiczem {Slay+2 Stlth+}
  3357 | D:5      | Reached skill level 5 in Throwing
  3409 | D:5      | Found a blossoming altar of Fedhas.
  3449 | D:5      | Identified the +3 rapier of Popular Demand {venom, *Corrode
                  | rElec rN++ Int+3 Dex+3}
  3757 | D:5      | Gained mutation: Your movements are slightly less
                  | encumbered by armour. (ER -2) [demonic ancestry]
  3757 | D:5      | Reached XP level 8. HP: 58/58 MP: 8/8
  4301 | D:6      | Noticed a troll
  4321 | D:6      | Killed a troll
  4519 | D:6      | Reached skill level 1 in Invocations
  4639 | D:6      | Reached * piety under Makhleb
  5058 | D:7      | Reached skill level 5 in Invocations
  5106 | D:7      | Gained mutation: Your movements are less encumbered by
                  | armour. (ER -4) [demonic ancestry]
  5106 | D:7      | Reached XP level 9. HP: 59/63 MP: 11/13
  5249 | D:7      | Found a flagged portal.
  5272 | D:7      | Identified the +5 pair of gloves of Winter {rF+++ Str+2
                  | Int-5 Dex-5}
  5303 | Bailey   | Entered a bailey
  5450 | Bailey   | Reached ** piety under Makhleb
  5522 | Bailey   | Noticed an orc knight
  5536 | Bailey   | Reached skill level 5 in Axes
  5549 | Bailey   | Killed an orc knight
  5750 | Bailey   | Noticed an orc knight
  5772 | Bailey   | HP: 2/63 [orc knight/+0 broad axe (9)]
  5772 | Bailey   | Mangled by an orc warrior

Illustrated notes

Levels and vault maps discovered:
D:1:      dpeg_arrival_simpleton_c, layout_loops_corners,
          palyth_stone_intersect, hangedman_decor_growths, minmay_misc_feat_rows
D:2:      layout_rooms
D:3:      layout_rooms, mainiacjoe_overflow_cross_hatched
D:4:      layout_rooms, serial_shops, nicolae_shop_behind_doors
D:5:      layout_loops_cross, marbit_many_paths, evilmike_ruin_ashenzari,
          jmf_multi_god_temple, minmay_temple_entry_arrows,
          guppyfry_early_lair_pool
D:6:      layout_basic, kennysheep_decorative_pillar
D:7:      layout_gridville, enter_bailey_5
Temple:   compressed_dpeg_circular_temple
Bailey:   bailey_axe_minmay_hex_keep, bailey

Skill      XL: |  1  2  3  4  5  6  7  8  9 |
---------------+----------------------------+-----
Throwing       | 2 3 5 8 |  8.0
Dodging        | 3 4 |  4.0
Axes           | 3 4 7 |  7.2
Fighting       | 3 |  3.0
Armour         | 1 2 3 4 |  4.0
Invocations    | 5 8 |  8.0

Action                     |  1- 3 |  4- 6 |  7- 9 || total
---------------------------+-------+-------+-------++-------
  Melee: War axe           |    99 |    20 |    76 ||   195
         Flail             |       |    78 |   224 ||   302
         Punch             |       |     3 |     7 ||    10
         Rapier            |       |       |    15 ||    15
  Throw: Throwing net      |       |     2 |     2 ||     4
         Boomerang         |       |       |    44 ||    44
    Use: Potion            |       |       |     7 ||     7
         Scroll            |       |       |     6 ||     6
   Stab: Held in net/web   |       |     2 |     1 ||     3
         Sleeping          |       |       |     2 ||     2
 Armour: Leather armour    |    17 |       |       ||    17
         Ring mail         |    34 |    54 |   203 ||   291
         Skin              |       |       |     5 ||     5
  Dodge: Dodged            |    79 |    57 |   306 ||   442

Table legend: (Time is in decaauts)
 A = Elapsed time spent in this place.
 B = Non-inter-level travel time spent in this place.
 C = Inter-level travel time spent in this place.
 D = Time resting spent in this place.
 E = Time spent auto-exploring this place.
 F = Levels seen in this place.
 G = Mean time per level.
                   A        B        C        D        E       F      G
               +--------+--------+--------+--------+--------+-----+--------+
         Total |   5910 |   5705 |    205 |    973 |   3023 |   9 |  656.7 |
       Dungeon |   5342 |   5163 |    179 |    784 |   3023 |   7 |  763.1 |
        Temple |     86 |     60 |     26 |      0 |      0 |   1 |   86.0 |
        Bailey |    481 |    481 |      0 |    189 |      0 |   1 |  481.0 |
               +--------+--------+--------+--------+--------+-----+--------+

Top non-repeatable levels by time:
     D:5: 1591 daAuts
     D:1: 977 daAuts
     D:6: 964 daAuts
     D:3: 635 daAuts
  Bailey: 481 daAuts
     D:4: 442 daAuts
     D:2: 409 daAuts
     D:7: 321 daAuts
  Temple: 86 daAuts
